[Event "Polish Youth G18 Championship 2023"]
[Site "Jastrzebia Gora"]
[Date "2023.03.19"]
[Round "9.13"]
[White "Trybus, Dominika"]
[Black "Samol, Julia"]
[Result "1-0"]
[ECO "B46"]
[WhiteElo "1543"]
[BlackElo "1374"]
[Annotator "NA RC COMBH"]
[PlyCount "113"]
[EventDate "2023.03.11"]
[EventType "swiss"]
[EventCountry "POL"]
[SourceTitle "playchess.com"]
[Source "ChessBase"]
[SourceQuality "1"]
[TimeControl "40/5400+30:1800+30"]

1. e4 c5 2. Nf3 e6 3. d4 cxd4 4. Nxd4 Nc6 5. Nc3 a6 6. Be3 Qc7 7. Qf3 Nf6 8. O-O-O d6 9. Be2 Bd7 10. h3 b5 11. g4 b4 12. Nb1 Rc8 13. Bd3 Ne5 14. Qe2 Nc4 15. g5 Ng8 16. Nd2 Nxd2 17. Rxd2 a5 18. Rhd1 Ne7 19. Nb5 Bxb5 20. Bxb5+ Nc6 21. f4 Be7 22. f5 O-O 23. f6 d5 24. fxe7 Nxe7 25. Ba4 Qg3 26. Rg1 Qxh3 27. Bf4 Ng6 28. Bd6 Rfd8 29. e5 Qf5 30. Kb1 Rc4 31. Qf2 Rf4 32. Qb6 Rc8 33. Qb7 Rfc4 34. Bb3 R4c6 35. Re2 Qf3 36. Ree1 Qf5 37. Ref1 Nf4 38. Rf2 Qg6 39. Rgf1 d4 40. Rxf4 Rxc2 41. Qxf7+ Qxf7 42. Rxf7 Rc1+ 43. Rxc1 Rxc1+ 44. Kxc1 Kxf7 45. Bc2 h5 46. g6+ Ke8 47. Kd2 h4 48. Be4 h3 49. Kd3 b3 50. axb3 h2 51. Kxd4 a4 52. bxa4 h1=Q 53. Bxh1 Kd7 54. a5 Ke8 55. a6 Kd8 56. a7 Kd7 57. Kc5 1-0

[Event "Polish Youth G18 Championship 2023"]
[Site "Jastrzebia Gora"]
[Date "2023.03.19"]
[Round "9.14"]
[White "Labedz, Gabriela"]
[Black "Gornisiewicz, Natalia"]
[Result "1-0"]
[ECO "C00"]
[WhiteElo "1425"]
[BlackElo "1287"]
[Annotator "NA RC COMBH"]
[PlyCount "65"]
[EventDate "2023.03.11"]
[EventType "swiss"]
[EventCountry "POL"]
[SourceTitle "playchess.com"]
[Source "ChessBase"]
[SourceQuality "1"]
[TimeControl "40/5400+30:1800+30"]

1. e4 e6 2. d4 d5 3. Bd3 dxe4 4. Bxe4 Nf6 5. Bf3 c5 6. Ne2 Be7 7. O-O O-O 8. Be3 Qc7 9. c4 cxd4 10. Qxd4 Nc6 11. Qc3 Bd6 12. h3 Ne5 13. Nd2 Nxf3+ 14. Nxf3 b6 15. Rac1 Bb7 16. Bd4 Ne4 17. Qc2 f5 18. b3 e5 19. Bb2 Rf6 20. Nc3 Nxc3 21. Qxc3 Qc6 22. Qd3 Qc7 23. c5 bxc5 24. Rfe1 Re8 25. b4 Bxf3 26. Qxf3 Kh8 27. bxc5 Bxc5 28. Qd5 Rc6 29. Bxe5 Qc8 30. Qf7 Rxe5 31. Rxe5 Bxf2+ 32. Kh2 Bg1+ 33. Rxg1 1-0

[Event "Polish Youth G18 Championship 2023"]
[Site "Jastrzebia Gora"]
[Date "2023.03.19"]
[Round "9.15"]
[White "Kaznowska, Kinga"]
[Black "Czerwinska, Oliwia"]
[Result "1/2-1/2"]
[ECO "C50"]
[WhiteElo "1352"]
[BlackElo "1369"]
[Annotator "NA RC COMBH"]
[PlyCount "106"]
[EventDate "2023.03.11"]
[EventType "swiss"]
[EventCountry "POL"]
[SourceTitle "playchess.com"]
[Source "ChessBase"]
[SourceQuality "1"]
[TimeControl "40/5400+30:1800+30"]

1. e4 e5 2. Nf3 Nc6 3. Bc4 Be7 4. d4 exd4 5. Nxd4 d6 6. Nc3 Nf6 7. O-O O-O 8. Re1 Ne5 9. Bb3 c5 10. Nf3 c4 11. Nxe5 cxb3 12. Nf3 bxa2 13. Rxa2 Be6 14. b3 a6 15. Bg5 Ng4 16. Bxe7 Qxe7 17. h3 Ne5 18. Nxe5 dxe5 19. Nd5 Bxd5 20. exd5 Qd6 21. c4 Rfc8 22. Qa1 f6 23. Rc1 Rc7 24. Ra5 Rac8 25. Qa2 Qb4 26. Ra4 Qd6 27. Ra1 Kf7 28. Kf1 Qc5 29. Qd2 Qd6 30. Qb4 Ke7 31. Ke2 Kd7 32. Qxd6+ Kxd6 33. Kd3 Rc5 34. Rb4 Kc7 35. Rba4 Kd6 36. Ra5 Rxa5 37. Rxa5 Rc5 38. Ra4 a5 39. b4 axb4 40. Rxb4 Kc7 41. d6+ Kxd6 42. Rxb7 Rc7 43. Rxc7 Kxc7 44. Ke4 Kc6 45. Kf5 Kc5 46. Ke6 Kxc4 47. Kf7 Kd3 48. Kxg7 e4 49. Kxf6 Ke2 50. Kf5 Kxf2 51. Kxe4 Kxg2 52. Kf4 Kxh3 53. Kg5 Kg3 1/2-1/2

[Event "Polish Youth G18 Championship 2023"]
[Site "Jastrzebia Gora"]
[Date "2023.03.19"]
[Round "9.16"]
[White "Dallemura, Anna"]
[Black "Anyz, Monika"]
[Result "0-1"]
[ECO "B34"]
[WhiteElo "1496"]
[BlackElo "1755"]
[Annotator "NA RC COMBH"]
[PlyCount "78"]
[EventDate "2023.03.11"]
[EventType "swiss"]
[EventCountry "POL"]
[SourceTitle "playchess.com"]
[Source "ChessBase"]
[SourceQuality "1"]
[TimeControl "40/5400+30:1800+30"]

1. e4 c5 2. Nf3 Nc6 3. d4 cxd4 4. Nxd4 Nf6 5. Nc3 e5 6. Ndb5 d6 7. Na3 Be6 8. Bc4 Be7 9. O-O O-O 10. f3 Nb4 11. Kh1 d5 12. exd5 Nbxd5 13. Nxd5 Nxd5 14. Qe2 Bxa3 15. bxa3 Nc3 16. Qd3 Qxd3 17. Bxd3 f6 18. Bd2 Rac8 19. Rfe1 Bf7 20. Re3 Nd5 21. Ree1 Rfd8 22. Rab1 b6 23. Rb2 Nc3 24. Ra1 Na4 25. Rbb1 Nc5 26. Bf5 Be6 27. Bxe6+ Nxe6 28. Be3 Rxc2 29. a4 Rd3 30. Rb3 Rxa2 31. Rxa2 Rxb3 32. Bg1 Kf7 33. a5 Nd4 34. h3 b5 35. Bf2 Ke6 36. Ra1 b4 37. Rc1 Rc3 38. Rb1 b3 39. Rb2 Kd5 0-1

[Event "Polish Youth G18 Championship 2023"]
[Site "Jastrzebia Gora"]
[Date "2023.03.19"]
[Round "9.17"]
[White "Bychowska, Marta"]
[Black "Tittor, Weronika"]
[Result "1/2-1/2"]
[ECO "A80"]
[WhiteElo "1388"]
[BlackElo "1226"]
[Annotator "NA RC COMBH"]
[PlyCount "98"]
[EventDate "2023.03.11"]
[EventType "swiss"]
[EventCountry "POL"]
[SourceTitle "playchess.com"]
[Source "ChessBase"]
[SourceQuality "1"]
[TimeControl "40/5400+30:1800+30"]

1. d4 f5 2. Nf3 Nf6 3. c4 e6 4. Nc3 d5 5. cxd5 exd5 6. Bg5 Be7 7. e3 Be6 8. Qb3 b6 9. Ne5 Qd6 10. Nb5 Qb4+ 11. Qxb4 Bxb4+ 12. Kd1 Kd8 13. Rc1 Bd6 14. Nxd6 cxd6 15. Nd3 Nbd7 16. Rc6 Ke7 17. Nf4 Rhc8 18. Bb5 h6 19. Rxc8 Rxc8 20. Bxd7 Kxd7 21. Bxf6 gxf6 22. Nxe6 Kxe6 23. Kd2 Rc7 24. f4 Rg7 25. g3 Rc7 26. Rc1 Rxc1 27. Kxc1 Kd7 28. Kc2 Kc6 29. a4 a5 30. Kc3 b5 31. axb5+ Kxb5 32. Kb3 a4+ 33. Ka3 Ka5 34. h3 Kb5 35. g4 fxg4 36. hxg4 Ka5 37. b3 axb3 38. Kxb3 Kb5 39. Kc3 Kc6 40. Kd3 Kd7 41. Ke2 Ke7 42. Kf3 Kf7 43. e4 dxe4+ 44. Kxe4 Ke6 45. d5+ Ke7 46. Kf5 Kf7 47. g5 hxg5 48. fxg5 fxg5 49. Kxg5 Kg7 1/2-1/2

[Event "Polish Youth G18 Championship 2023"]
[Site "Jastrzebia Gora"]
[Date "2023.03.19"]
[Round "9.18"]
[White "Nagly, Malgorzata"]
[Black "Sivickis, Kornelia"]
[Result "0-1"]
[ECO "E20"]
[WhiteElo "1041"]
[BlackElo "1328"]
[Annotator "NA RC COMBH"]
[PlyCount "118"]
[EventDate "2023.03.11"]
[EventType "swiss"]
[EventCountry "POL"]
[SourceTitle "playchess.com"]
[Source "ChessBase"]
[SourceQuality "1"]
[TimeControl "40/5400+30:1800+30"]

1. d4 Nf6 2. c4 e6 3. Nc3 Bb4 4. Bd2 b6 5. a3 Bxc3 6. Bxc3 Bb7 7. f3 d5 8. e3 Nbd7 9. cxd5 Nxd5 10. e4 Ne3 11. Qe2 Nxf1 12. Qxf1 c5 13. dxc5 Nxc5 14. Bxg7 Rg8 15. Bc3 Ba6 16. Ne2 Nd3+ 17. Kd2 Nf2+ 18. Ke1 Nxh1 19. Qxh1 Qd3 20. Qf1 Qxe2+ 21. Qxe2 Bxe2 22. Kxe2 Rxg2+ 23. Ke3 Rxh2 24. Rg1 Kd7 25. Rg7 Rf8 26. Bb4 Ke8 27. Bxf8 Kxf8 28. Rg1 Rxb2 29. Kf4 Ra2 30. Rh1 Rxa3 31. Rxh7 Ke7 32. Rh8 f6 33. Rh7+ Kd6 34. Rh6 e5+ 35. Kg3 Ke6 36. Kg4 Kf7 37. Rh7+ Kg6 38. Rc7 b5 39. Rb7 a6 40. Rb6 Ra4 41. Kh4 b4 42. Kg4 a5 43. Kg3 Ra3 44. Kf2 b3 45. Ke1 a4 46. Kd2 Ra2+ 47. Kc3 b2 48. Kc2 a3 49. Rb3 Ra1 50. Rb6 b1=Q+ 51. Rxb1 Rxb1 52. Kxb1 Kg5 53. Ka2 Kf4 54. Kxa3 Kxf3 55. Kb2 Kxe4 56. Kc1 Kf3 57. Kd2 Kf2 58. Kd3 f5 59. Kd2 e4 0-1

[Event "Polish Youth G18 Championship 2023"]
[Site "Jastrzebia Gora"]
[Date "2023.03.19"]
[Round "9.19"]
[White "Olszewska, Wiktoria"]
[Black "Pietruszka, Julia"]
[Result "1/2-1/2"]
[ECO "B00"]
[WhiteElo "1287"]
[BlackElo "1151"]
[Annotator "NA RC COMBH"]
[PlyCount "60"]
[EventDate "2023.03.11"]
[EventType "swiss"]
[EventCountry "POL"]
[SourceTitle "playchess.com"]
[Source "ChessBase"]
[SourceQuality "1"]
[TimeControl "40/5400+30:1800+30"]

1. e4 Nc6 2. d4 d5 3. e5 e6 4. Nf3 f6 5. exf6 Nxf6 6. Bb5 a6 7. Ba4 b5 8. Bb3 Bd6 9. O-O O-O 10. Re1 Ne4 11. Nbd2 Nxd2 12. Bxd2 h6 13. c3 Qf6 14. Qe2 Na5 15. Bc2 Nc4 16. b3 Nxd2 17. Qxd2 Bd7 18. Ne5 Bxe5 19. Rxe5 Qf4 20. Qxf4 Rxf4 21. Rae1 a5 22. Bd3 b4 23. g3 Rf3 24. R5e3 Raf8 25. R1e2 bxc3 26. Kg2 Rxe3 27. Rxe3 Rc8 28. Be2 c5 29. Rxc3 cxd4 30. Rxc8+ Bxc8 1/2-1/2

[Event "Polish Youth G18 Championship 2023"]
[Site "Jastrzebia Gora"]
[Date "2023.03.19"]
[Round "9.20"]
[White "Bauer, Marika"]
[Black "Lopusiewicz, Marta"]
[Result "1-0"]
[ECO "B90"]
[WhiteElo "1183"]
[BlackElo "1180"]
[Annotator "NA RC COMBH"]
[PlyCount "51"]
[EventDate "2023.03.11"]
[EventType "swiss"]
[EventCountry "POL"]
[SourceTitle "playchess.com"]
[Source "ChessBase"]
[SourceQuality "1"]
[TimeControl "40/5400+30:1800+30"]

1. e4 c5 2. Nf3 d6 3. d4 cxd4 4. Nxd4 Nf6 5. Nc3 a6 6. a4 e5 7. Nb3 Be7 8. Be3 Be6 9. Be2 Nbd7 10. h3 h5 11. f4 exf4 12. Bxf4 Qc7 13. Nd5 Nxd5 14. exd5 Bf5 15. c3 h4 16. Nd4 Be4 17. Bf3 Bxf3 18. Qxf3 g6 19. O-O Rc8 20. Bxd6 Ne5 21. Bxe5 Qxe5 22. Qxf7+ Kd7 23. Rae1 Qd6 24. Re6 Qc5 25. b4 Qxc3 26. Qxe7# 1-0